 Dungeon Crawl Stone Soup version 0.17.0-24-gcfadda4 (webtiles) character file.

4789 stefzke33 the Grappler (level 10, -3/94 HPs)
             Began as a Troll Hunter on Nov 17, 2015.
             Was a Believer of Okawaru.
             Slain by Grum
             ... wielding a +0 spear
              (14 damage)
             ... on level 9 of the Dungeon.
             The game lasted 00:45:10 (7974 turns).

stefzke33 the Grappler (Troll Hunter)               Turns: 7974, Time: 00:45:11

Health: -3/94      AC:  6    Str: 23    XL:     10   Next: 24%
Magic:  10/10      EV: 13    Int:  9    God:    Okawaru [**....]
Gold:   555        SH:  0    Dex: 16    Spells: 0 memorised, 9 levels left

rFire  . . .     SeeInvis .       - Unarmed
rCold  + . .     Clarity  .     Q - troll hide
rNeg   + . .     SustAt   .     (no shield)
rPois  .         Gourm    +     (helmet restricted)
rElec  .         Spirit   .     J - +0 cloak
rCorr  .         Warding  +     (gloves unavailable)
rMut   .         Stasis   .     (boots unavailable)
MR     .....                    t - amulet of warding
Stlth  ++........               D - ring of protection from cold
                                w - +6 ring of dexterity

@: hasted, very quick, not resistant to hostile enchantments, unstealthy
A: unfitting armour, claws 3, fast metabolism 3, gourmand, regeneration 2,
shaggy fur 1, tough skin 2
a: Heroism, Renounce Religion


You were on level 9 of the Dungeon.
You worshipped Okawaru.
Okawaru was pleased with you.
You were completely stuffed.

You visited 2 branches of the dungeon, and saw 10 of its levels.

You collected 555 gold pieces.

Inventory:

Hand Weapons
 a - a +1 hand crossbow
 c - a +0 short sword
Missiles
 b - 57 bolts
 B - 3 large rocks (quivered)
 K - 37 stones
Armour
 d - a +1 robe
 J - a +0 cloak (worn)
 Q - a troll hide (worn)
Jewellery
 g - a +1 ring of protection
 t - an amulet of warding (around neck)
 v - an uncursed ring of teleportation
 w - a +6 ring of dexterity (left claw)
 D - a ring of protection from cold (right claw)
 P - an uncursed ring of see invisible {unknown}
 S - a +5 ring of strength {unknown}
 T - a +5 ring of dexterity
Wands
 x - a wand of flame (16)
 y - a wand of paralysis (13)
 I - a wand of hasting (9)
 N - a wand of random effects (26)
Scrolls
 h - 3 scrolls of remove curse
 m - a scroll of random uselessness {unknown}
 n - 3 scrolls of teleportation
 p - a scroll of enchant armour
 u - 5 scrolls of identify
 L - a scroll of recharging
 U - a scroll of fog {unknown}
Potions
 o - 3 potions of curing {unknown}
 z - 2 potions of degeneration {unknown}
 A - 2 potions of beneficial mutation {unknown}
 C - 2 potions of magic {unknown}
 E - 3 potions of might {unknown}
 F - 3 potions of brilliance {unknown}
 G - a potion of heal wounds {unknown}
 H - a potion of lignification {unknown}
 M - a potion of flight {unknown}
 O - a potion of ambrosia {unknown}
 R - a potion of cancellation {unknown}
Books
 k - a book of Flames

   Spells                             Type                      Level
   a - Flame Tongue                   Conjuration/Fire             1
   b - Throw Flame                    Conjuration/Fire             2
   c - Conjure Flame                  Conjuration/Fire             3
   d - Inner Flame                    Hexes/Fire                   3
   e - Sticky Flame                   Conjuration/Fire             4
   f - Fireball                       Conjuration/Fire             5
Miscellaneous
 j - a plain deck of changes
Comestibles
 e - 5 bread rations
 f - 2 slices of pizza
 i - 3 meat rations
 l - 2 fruits
 q - 10 chunks of flesh
 s - 2 beef jerkies


   Skills:
 + Level 4.9 Fighting
 - Level 3.0 Crossbows
 * Level 4.8 Throwing
 + Level 0.4 Armour
 + Level 5.8 Dodging
 + Level 2.7 Stealth
 * Level 8.8 Unarmed Combat
 * Level 1.6 Invocations
 * Level 2.5 Evocations


You had 9 spell levels left.
You didn't know any spells.

Dungeon Overview and Level Annotations

Branches:
Dungeon (9/15)             Temple (1/1) D:7
   Lair: D:8-11         Orc: D:9-12

Altars:
Ashenzari
Cheibriados
Dithmenos
Elyvilon
Fedhas
Gozag
Kikubaaqudgha
Makhleb
Nemelex Xobeh
Okawaru
Qazlal
Ru
Sif Muna
Trog
Vehumet
Xom
Yredelemnul
Zin
The Shining One
Beogh

Annotations:
D:4 Dowan
D:8 Gastronok
D:9 Grum


Innate Abilities, Weirdness & Mutations

You are too large for most types of armour.
You have claws for hands.
Your metabolism is lightning-fast.
You like to eat raw meat.
You heal very quickly.
You are covered in fur (AC +1).
You have very tough skin (AC +2).


Message History

Grum hits you from afar with a spear.
You scratch the wolf but do no damage. The wolf bites you.
The wolf closely misses you. The wolf bites you! The wolf barely misses you.
You scratch the wolf but do no damage. The wolf barely misses you.
The wolf misses you. Grum hits you from afar with a spear!
The wolf bites you but does no damage. The wolf completely misses you.
The wolf closely misses you. The wolf bites you! The wolf closely misses you.
The wolf completely misses you. The wolf bites you!
* * * LOW HITPOINT WARNING * * *
The wolf bites you!
* * * LOW HITPOINT WARNING * * *
Grum sniffs the air and quickly glances around.
Grum closely misses you. The wolf bites you!
* * * LOW HITPOINT WARNING * * *
The wolf closely misses you.
You feel yourself speed up. The wolf bites you but does no damage.
The wolf barely misses you. x2
Grum hits you from afar with a spear!
You die...

##......# #....
#.......## #....
#........# ##...#
##.......####...##
......#
#.............##
.......
#............##
.......
##...........##
.......
#...........##
.......
##@...########
.......###hhh.##
.........g....#
.............## ##
....>........# #.#
# .............#
##..## ##
.....?.......#
#....####.
.............#
##....##..รท
.............#
#......#..#


You could see Grum and 3 wolves.

Vanquished Creatures
  The ghost of inmateoo the Unlucky Ant, a novice FoAr of Nemelex Xobeh (D:6)
  The ghost of M4edhros the Covert, a novice OpAr of Okawaru (D:5)
  A troll (D:9)
  3 hippogriffs
  2 hungry ghosts (D:8)
  A wolf (D:9)
  Duvessa (D:4)
  A necrophage (D:6)
  A sky beast (D:5)
  3 orc warriors
  6 centaurs
  8 ogres
  A big kobold (D:8)
  A giant frog (D:6)
  3 scorpions
  4 crimson imps
  A giant frog zombie (D:7)
  A centaur zombie (D:7)
  3 jellies
  Ijyb (D:3)
  5 orc wizards (D:8)
  A centaur skeleton (D:7)
  A giant frog skeleton (D:9)
  2 orc priests
  An iguana (D:7)
  Natasha (thrice) (D:4)
  5 worker ants
  A hound skeleton (D:5)
  A worker ant zombie (D:5)
  Robin (D:4)
  12 adders
  7 gnolls
  2 shadow imps
  2 adder zombies (D:7)
  2 worms
  4 giant geckos
  31 orcs
  A bat zombie (D:4)
  7 giant cockroaches
  21 goblins
  5 hobgoblins
  15 kobolds
  5 quokkas
  2 ball pythons
  12 bats
  2 giant newts (D:2)
  14 jackals
  A jackal skeleton (D:4)
  2 jackal zombies (D:7)
  A quokka skeleton (D:6)
  2 rats
  A rat zombie (D:4)
216 creatures vanquished.

Notes
Turn   | Place    | Note
--------------------------------------------------------------
     0 | D:1      | stefzke33 the Troll Hunter began the quest for the Orb.
     0 | D:1      | Reached XP level 1. HP: 19/19 MP: 0/0
    95 | D:1      | Reached XP level 2. HP: 25/27 MP: 1/1
   506 | D:2      | Reached skill level 1 in Unarmed Combat
   523 | D:2      | Found a sparkling altar of Nemelex Xobeh.
   637 | D:2      | Reached XP level 3. HP: 35/35 MP: 2/2
   670 | D:2      | Reached skill level 3 in Crossbows
   910 | D:2      | Found a white marble altar of Elyvilon.
   920 | D:2      | Found a stormy altar of Qazlal.
   923 | D:2      | Found a shadowy altar of Dithmenos.
  1045 | D:2      | Found a blossoming altar of Fedhas.
  1254 | D:2      | Reached XP level 4. HP: 37/42 MP: 3/3
  1311 | D:3      | Found a shattered altar of Ashenzari.
  1423 | D:3      | Noticed Ijyb
  1471 | D:3      | Killed Ijyb
  1794 | D:3      | Reached XP level 5. HP: 47/49 MP: 4/4
  1914 | D:3      | Found a snail-covered altar of Cheibriados.
  2079 | D:3      | Reached skill level 1 in Throwing
  2080 | D:3      | Found a shimmering altar of Xom.
  2348 | D:4      | Noticed Robin
  2385 | D:4      | Killed Robin
  2427 | D:4      | Found an ancient bone altar of Kikubaaqudgha.
  2452 | D:4      | Noticed Duvessa
  2454 | D:4      | Noticed Dowan
  2691 | D:4      | HP: 1/49 [Duvessa/wand of flame (10)]
  2784 | D:4      | Killed Duvessa
  2784 | D:4      | Reached XP level 6. HP: 56/58 MP: 5/5
  2812 | D:4      | Noticed an ogre
  2819 | D:4      | Killed an ogre
  2978 | D:4      | Noticed Natasha
  2983 | D:4      | Killed Natasha
  2983 | D:4      | Reached skill level 4 in Unarmed Combat
  3054 | D:4      | Noticed Natasha
  3060 | D:4      | Killed Natasha
  3128 | D:4      | Noticed Natasha
  3131 | D:4      | Killed Natasha
  3204 | D:5      | Entered Level 5 of the Dungeon
  3246 | D:5      | Reached skill level 1 in Stealth
  3246 | D:5      | Reached XP level 7. HP: 58/66 MP: 6/6
  3452 | D:5      | Reached skill level 5 in Unarmed Combat
  3588 | D:5      | Found a sacrificial altar of Ru.
  3761 | D:5      | Noticed M4edhros's ghost (novice OpAr)
  3776 | D:5      | Killed M4edhros's ghost
  3776 | D:5      | Reached XP level 8. HP: 59/75 MP: 7/7
  3915 | D:6      | Reached skill level 6 in Unarmed Combat
  3964 | D:6      | Found an opulent altar of Gozag.
  4274 | D:6      | Noticed inmateoo's ghost (novice FoAr)
  4285 | D:6      | Killed inmateoo's ghost
  4285 | D:6      | Reached skill level 7 in Unarmed Combat
  4285 | D:6      | Reached XP level 9. HP: 52/84 MP: 8/8
  4403 | D:6      | Reached skill level 5 in Dodging
  5004 | D:7      | Found a basalt altar of Yredelemnul.
  5274 | D:7      | Found a staircase to the Ecumenical Temple.
  5281 | Temple   | Entered the Ecumenical Temple
  5511 | D:7      | Reached skill level 1 in Evocations
  5542 | D:7      | Found an iron altar of Okawaru.
  5673 | D:7      | Became a worshipper of Warmaster Okawaru
  6104 | D:8      | Reached skill level 8 in Unarmed Combat
  6162 | D:8      | Noticed Gastronok
  6443 | D:8      | Found a deep blue altar of Sif Muna.
  6451 | D:8      | Reached * piety under Okawaru
  7055 | D:9      | Found a roughly hewn altar of Beogh.
  7264 | D:8      | Reached XP level 10. HP: 34/94 MP: 10/10
  7658 | D:9      | Reached skill level 1 in Invocations
  7960 | D:9      | Noticed Grum
  7969 | D:9      | Reached ** piety under Okawaru
  7974 | D:9      | Slain by Grum

Action                   |  1- 3 |  4- 6 |  7- 9 | 10-12 || total
-------------------------+-------+-------+-------+-------++-------
Melee: Unarmed           |   125 |   205 |   344 |    67 ||   741
 Fire: Hand crossbow     |     2 |       |       |       ||     2
Throw: Large rock        |       |       |     4 |       ||     4
       Throwing net      |       |       |     1 |       ||     1
  Use: Scroll            |       |     3 |     5 |       ||     8
       Potion            |       |       |     1 |     1 ||     2
 Stab: Sleeping          |     1 |       |     8 |       ||     9
       Invisible         |       |       |     1 |       ||     1
       Held in net/web   |       |       |     1 |       ||     1
  Eat: Chunk             |    15 |    20 |    42 |    12 ||    89
       Bread ration      |       |       |     2 |       ||     2
